 Dungeon Crawl Stone Soup version 0.26-a0-652-gafc20e3620 (webtiles) character file.

Game seed: 6444236392071367294

532978 dolemite99 the Photosynthesist (level 26, -1/204 HPs)
             Began as a Gnoll Conjurer on Sept 30, 2020.
             Was an Elder of Fedhas.
             Killed from afar by a fire dragon (38 damage)
             ... with a blast of flame
             ... on level 5 of the Depths on Oct 3, 2020.
             The game lasted 04:44:43 (98165 turns).

dolemite99 the Photosynthesist (Gnoll Conjurer)    Turns: 98165, Time: 04:44:44

Health: -1/204     AC: 33    Str:  9    XL:     26   Next: 28%
Magic:  7/43       EV: 17    Int: 30    God:    Fedhas [****..]
Gold:   145        SH: 11    Dex: 17    Spells: 2/57 levels left

rFire    . . .     SeeInvis .   b - staff of earth
rCold    . . .     Faith    .   A - +3 warlock's mirror {reflect}
rNeg     + + .     Spirit   .   W - +3 scale mail {MR+}
rPois    +         Reflect  +   Q - +1 helmet "Tefeadily" {rN+}
rElec    .         Harm     .   V - +2 cloak {rPois}
rCorr    .         Rampage  .   p - +4 pair of gloves "Baakuce" {MR+}
MR       +++..                  M - +2 pair of boots
Stlth    ++++++....             I - amulet "Udies" {Regen+ Stlth+}
HPRegen  0.84/turn              m - +4 ring of protection {=R}
MPRegen  0.28/turn              c - ring of positive energy

@: death channel
A: distributed training, fangs 1, strong nose
}: 2/15 runes: barnacled, gossamer
a: Wall of Briars, Grow Ballistomycete, Overgrow, Renounce Religion


You were on level 5 of the Depths.
You worshipped Fedhas.
Fedhas was greatly pleased with you.
You visited 11 branches of the dungeon, and saw 46 of its levels.
You visited the Abyss 1 time.
You also visited: Ossuary, Bailey, Ice Cave and Wizlab.

You collected 8127 gold pieces.
You spent 7982 gold pieces at shops.

Inventory:

Hand Weapons
 f - the +3 morningstar of Muwi {pain, MR+ Str+7 Int+4 Stlth-}
   (You bought it in a shop on level 14 of the Dungeon)

   In the hands of one skilled in necromantic magic, it inflicts extra damage on
   living creatures.
   It affects your strength (+7).
   It affects your intelligence (+4).
   It affects your resistance to hostile enchantments.
   It makes you less stealthy.
 g - the +9 flail of the Egg {holy, Int+7}
   (You bought it in a shop on level 14 of the Dungeon)

   It has been blessed by the Shining One to cause great damage to the undead
   and demons.
   It affects your intelligence (+7).
 w - a +8 demon whip of draining
 K - the +11 long sword of Conscience {vorpal, rElec MP+9 Str+4 SInv}
   (You took it off a deep elf sorcerer on level 3 of the Elven Halls)

   It inflicts extra damage upon your enemies.
   It affects your strength (+4).
   It insulates you from electricity.
   It affects your magic capacity (+9).
   It lets you see invisible.
 R - the +8 rapier of Nemelex Xobeh's Hope {freeze, rF+ Str+2 Dex+2}
   (You took it off a deep elf archer on level 3 of the Elven Halls)

   It has been specially enchanted to freeze those struck by it, causing extra
   injury to most foes and up to half again as much damage against particularly
   susceptible opponents.
   It can also slow down cold-blooded creatures.
   It affects your strength (+2).
   It affects your dexterity (+2).
   It protects you from fire.
Missiles
 o - 19 silver javelins
 B - 2 javelins (quivered)
Armour
 p - the +4 pair of gloves "Baakuce" (worn) {MR+}
   (You found it in an ice cave)

   It affects your resistance to hostile enchantments.
 A - the +3 warlock's mirror (worn) {reflect}
   (You found it on level 2 of the Lair of Beasts)
 M - a +2 pair of boots (worn)
 Q - the +1 helmet "Tefeadily" (worn) {rN+}
   (You found it on level 3 of the Lair of Beasts)

   It protects you from negative energy.
 S - the +7 ring mail of Fokenliz {rC+ Dex+4 SInv Stlth-}
   (You found it on level 3 of the Lair of Beasts)

   It affects your dexterity (+4).
   It protects you from cold.
   It lets you see invisible.
   It makes you less stealthy.
 V - a +2 cloak of poison resistance (worn)
 W - a +3 scale mail of magic resistance (worn)
 Y - the +3 pair of gloves of Fallacy {Str+3}
   (You found it on level 1 of the Elven Halls)

   It affects your strength (+3).
Magical Staves
 a - an uncursed staff of cold
 b - an uncursed staff of earth (weapon)
 k - an uncursed staff of death
Jewellery
 c - a ring of positive energy (right hand)
 e - an uncursed ring of protection from fire
 i - an uncursed ring of protection from cold
 j - the ring "Jyenor" {rCorr Int+3 Dex+2 Slay+2}
   (You bought it in a shop on level 2 of the Vaults)

   [ring of resist corrosion]

   It affects your intelligence (+3).
   It affects your dexterity (+2).
   It affects your accuracy and damage with ranged weapons and melee attacks
   (+2).
   It provides partial protection from all sources of acid and corrosion.
 m - a +4 ring of protection (left hand) {=R}
 x - the ring of Cekkil {+Inv rPois Dex+4}
   (You acquired it on level 3 of the Shoals)

   [ring of poison resistance]

   It affects your dexterity (+4).
   It protects you from poison.
   It lets you turn invisible.
 y - an uncursed ring of see invisible
 D - an uncursed ring of protection from cold
 I - the amulet "Udies" (around neck) {Regen+ Stlth+}
   (You found it on level 3 of the Lair of Beasts)

   [amulet of regeneration]

   It increases your rate of regeneration.
   It makes you more stealthy.
Wands
 L - a wand of digging (4)
Scrolls
 n - 16 scrolls of teleportation
 q - a scroll of silence
 s - 25 scrolls of remove curse {@r2}
 t - 4 scrolls of fog
 z - a scroll of blinking
 N - 14 scrolls of identify {@r1}
 Z - 4 scrolls of holy word
Potions
 d - 3 potions of resistance
 h - 3 potions of haste
 u - 4 potions of might
 v - 5 potions of brilliance
 F - 10 potions of cancellation
 J - 11 potions of curing
 O - 2 potions of berserk rage
 P - a potion of flight
 T - 10 potions of ambrosia
 U - 8 potions of stabbing
Miscellaneous
 r - a lightning rod (4/4)
 C - a phantom mirror (inert)
 E - a tin of tremorstones (1/3)
 G - a condenser vane (1/2)
 H - a box of beasts (1/3)
 X - a phial of floods (inert)


   Skills:
 + Level 15.8 Fighting
 + Level 15.8 Short Blades
 + Level 15.8 Long Blades
 + Level 15.8 Axes
 + Level 15.8 Maces & Flails
 + Level 15.8 Polearms
 + Level 15.8 Staves
 + Level 15.8 Slings
 + Level 15.8 Bows
 + Level 15.8 Crossbows
 + Level 15.8 Throwing
 + Level 16.0 Armour
 + Level 16.3 Dodging
 + Level 16.2 Stealth
 + Level 15.8 Shields
 + Level 15.8 Unarmed Combat
 + Level 16.4 Spellcasting
 + Level 15.0 Conjurations
 + Level 13.6 Hexes
 + Level 13.6 Summonings
 + Level 13.6 Necromancy
 + Level 13.6 Translocations
 + Level 13.6 Transmutations
 + Level 13.6 Fire Magic
 + Level 13.6 Ice Magic
 + Level 13.6 Air Magic
 + Level 13.6 Earth Magic
 + Level 13.6 Poison Magic
 + Level 17.1 Invocations
 + Level 15.8 Evocations


You had 2 spell levels left.
You knew the following spells:

 Your Spells              Type           Power        Failure   Level
a - Shadow Creatures      Summ           N/A          4%          6
b - Death Channel         Necr           #######...   4%          6
c - Borgnjor's Vile Clut  Necr/Erth      ########..   1%          5
e - Vampiric Draining     Necr           #######...   1%          3
f - Mephitic Cloud        Conj/Pois/Air  #######.     1%          3
g - Animate Skeleton      Necr           ######       1%          1
h - Animate Dead          Necr           #######...   1%          4
i - Freezing Cloud        Conj/Ice/Air   #######...   3%          6
j - Silence               Hex/Air        #######...   1%          5
k - Blink                 Tloc           N/A          1%          2
l - Passwall              Tmut/Erth      ########     1%          2
m - Summon Forest         Summ/Tloc      #######...   1%          5
n - Apportation           Tloc           ######       1%          1
o - Statue Form           Tmut/Erth      ########.    4%          6

Your spell library contained the following spells:

 Spells                   Type           Power        Failure   Level
 Magic Dart               Conj           ####         0%          1
 Beastly Appendage        Tmut           ######       1%          1
 Corona                   Hex            #######      1%          1
 Pain                     Necr           ####         1%          1
 Sandblast                Erth           ######       1%          1
 Sting                    Tmut/Pois      ####         1%          1
 Summon Small Mammal      Summ           ####         1%          1
 Call Imp                 Summ           #######.     1%          2
 Ensorcelled Hibernation  Hex/Ice        ######       1%          2
 Poisonous Vapours        Pois/Air       ######       1%          2
 Searing Ray              Conj           ######       1%          2
 Slow                     Hex            #######.     1%          2
 Swiftness                Air            #######.     1%          2
 Wereblood                Tmut           #######.     1%          2
 Call Canine Familiar     Summ           #######.     1%          3
 Confusing Touch          Hex            #######.     1%          3
 Conjure Flame            Conj/Fire      #######.     1%          3
 Dazzling Flash           Conj/Hex       ######       1%          3
 Gell's Gravitas          Tloc           #######...   1%          3
 Ignite Poison            Fire/Tmut/Pois #######.     1%          3
 Lesser Beckoning         Tloc           #######...   1%          3
 Spider Form              Tmut/Pois      #######...   1%          3
 Static Discharge         Conj/Air       #######.     1%          3
 Stone Arrow              Conj/Erth      ######       1%          3
 Summon Guardian Golem    Hex/Summ       #######.     1%          3
 Teleport Other           Tloc           #######.     1%          3
 Tukima's Dance           Hex            #######.     1%          3
 Cause Fear               Hex            #######...   1%          4
 Fulminant Prism          Conj/Hex       #######...   1%          4
 Hailstorm                Conj/Ice       #######.     1%          4
 Ice Form                 Ice/Tmut       #######.     1%          4
 Iskenderun's Mystic Bla  Conj/Tloc      #######.     1%          4
 Passage of Golubria      Tloc           N/A          1%          4
 Petrify                  Tmut/Erth      ########     1%          4
 Summon Ice Beast         Ice/Summ       #######.     1%          4
 Summon Lightning Spire   Summ/Air       #######.     1%          4
 Agony                    Necr           #######.     1%          5
 Alistair's Intoxication  Tmut/Pois      #######..    1%          5
 Blade Hands              Tmut           #######...   1%          5
 Bolt of Magma            Conj/Fire/Erth ########..   1%          5
 Fireball                 Conj/Fire      #######...   1%          5
 Iskenderun's Battlesphe  Conj           #######.     1%          5
 Lee's Rapid Deconstruct  Erth           ########..   1%          5
 Lightning Bolt           Conj/Air       #######...   1%          5
 Metabolic Englaciation   Hex/Ice        #######...   1%          5
 Summon Demon             Summ           #######...   1%          5
 Summon Mana Viper        Hex/Summ       #######.     1%          5
 Yara's Violent Unravell  Hex/Tmut       #######...   1%          5
 Iron Shot                Conj/Erth      ########..   3%          6
 Starburst                Conj/Fire      #######...   3%          6
 Invisibility             Hex            #######.     4%          6
 Simulacrum               Ice/Necr       #######...   4%          6
 Orb of Destruction       Conj           #######...   12%         7
 Spellforged Servitor     Conj/Summ      #######...   17%         7
 Summon Hydra             Summ           #######...   22%         7
 Discord                  Hex            #######...   86%         8
 Ignition                 Fire           #######...   86%         8
 Shatter                  Erth           ########..   100%        9
 Tornado                  Air            #######...   100%        9


Dungeon Overview and Level Annotations

Branches:
Dungeon (15/15)            Temple (1/1) D:5            Lair (6/6) D:9
 Shoals (4/4) Lair:4       Spider (4/4) Lair:3        Slime (1/5) Lair:5
    Orc (2/2) D:12            Elf (3/3) Orc:2        Vaults (4/5) D:13
  Crypt (1/3) Vaults:2     Depths (5/5) D:15        Ossuary (visited)
 Bailey (visited)           IceCv (visited)          WizLab (visited)
    Zot: Depths:5

Altars:
Ashenzari
Cheibriados
Dithmenos
Elyvilon
Fedhas
Gozag
Hepliaklqana
Kikubaaqudgha
Makhleb
Nemelex Xobeh
Okawaru
Qazlal
Ru
Sif Muna
Trog
Uskayaw
Vehumet
Wu Jian
Xom
Yredelemnul
Zin
The Shining One
Jiyva
Lugonu

Shops:
D:7 [   D:14 }!(*(   Orc:2 **?*   Elf:3 }   Shoals:1 }   Shoals:4 *
Vaults:1 (   Vaults:2 (((*=   Depths:4 :

Portals:
Hell: Depths:1 Depths:2 Depths:3 Depths:4
Abyss: Depths:2 Depths:3 Depths:4 Depths:5
Pandemonium: Depths:1
Ziggurat: Depths:3
Trove: D:10 (give +2 storm dragon scales)

Annotations:
D:13 2 transporters
Lair:4 1 runed translucent door
Shoals:3 1 exclusion
Elf:2 3 runed translucent doors
Vaults:2 exclusion: downstairs
Crypt:1 Frederick; Mennas
Depths:3 exclusion: 2 statues
Abyss:1 HilariousDeathArtist's ghost, adept CeWn; Margery


Innate Abilities, Weirdness & Mutations

Your experience applies equally to all skills.
You have very sharp teeth.
Your uncanny sense of smell can sniff out nearby items.


Message History

The blast of flame misses your tengu warrior.
The blast of flame hits you!!
* * * LOW HITPOINT WARNING * * *
The frost giant hits you but does no damage.
The frost giant hits your tengu warrior with a +0 battleaxe of freezing.
The frost giant freezes your tengu warrior.
The death yak gores you!
* * * LOW HITPOINT WARNING * * *
The spriggan berserker utters an invocation to Trog.
The spriggan berserker goes berserk!
You hear a horrible gurgling sound!
The death yak completely misses your tengu warrior.
Your tengu warrior hits the frost giant with a +0 great sword.
Your tengu warrior pecks the frost giant.
Your tengu warrior claws the frost giant but does no damage.
The fire dragon breathes flames at you.
The blast of flame hits your tengu warrior!
The blast of flame hits you!!!
You die...
Fedhas appreciates your contribution to the ecosystem.

*,###.##.###.......
#.#...........)....
********#........###.##.)..
*,,,,,,*#.#...##.#.........
*,,,,,,*#.#...##.#.#.##....
*,,,,,,*#.#...##..........#
*,,,,,,*#.#...##.#.#..#...#
*,,≈≈∆,*#.#...##.#.#......#
*,,,,≈,##.@D..##.#.##...###
*,,,,,,#..Q..[.....#8...8##
*,,,,,,#.DYCC......##...##.
*,,,,,,#.##i.#.#...##...##.
*,,,,,,#.*#..#.#..###.(.##.
****,,,,,,'...........#8.[.8#.
*,,,,,,,,.#.##.......###.[.###
*,,,,,**#..,,...#.#..#*#...##8
*,,,,,***,∩,..........##..(...


You could see 2 frost giants, a fire dragon (catching breath), a death yak
(summoned, berserk), a spriggan berserker (berserk), a friendly fire dragon
(summoned) and a friendly tengu warrior (summoned).

Vanquished Creatures
  An ancient lich (Depths:2)
  2 caustic shrikes (Depths:2)
  the Enchantress (Depths:3)
  Nikola (Shoals:1)
  A lich (Vaults:3)
  A tentacled monstrosity (Depths:5)
  Asterion (Depths:2)
  3 deep elf blademasters (Elf:3)
  3 deep elf master archers (Elf:3)
  A tentacled starspawn (Abyss:4)
  2 azure jellies (Depths:4)
  Polyphemus (Shoals:2)
  An ancient champion (WizLab)
  A tengu reaver (Vaults:2)
  Roxanne (Shoals:2)
  2 fire giants
  11 deep elf sorcerers
  4 vault wardens
  A ghoul (Crypt:1)
  Aizul (Vaults:3)
  4 frost giants
  The ghost of heteroy the Cleaver, an adept GrFi of Cheibriados (Elf:1)
  2 orc warlords
  A ghost moth (Spider:2)
  4 deep elf elementalists (Elf:3)
  3 emperor scorpions
  7 very ugly things
  8 ironheart preservers
  2 war gargoyles
  A stone giant (shapeshifter) (Depths:1)
  11 stone giants
  5 deep elf demonologists (Elf:3)
  4 entropy weavers
  2 vampire knights
  10 deep elf annihilators
  A lorocyproca (Depths:1)
  A white draconian (Depths:4)
  The ghost of Ciovowug the Fighter, a journeyman DrTm of Ashenzari (Lair:2)
  11 spark wasps
  4 merfolk javelineers
  2 eidola
  Snorg (D:14)
  A blizzard demon (Depths:4)
  5 ettins
  10 deep elf death magi
  3 great orbs of eyes (Depths:4)
  7 deep elf high priests
  7 ogre magi
  8 fire dragons
  The ghost of ChampionHyena the Fighter, a journeyman MiBe of Trog (D:11)
  7 yaktaur captains
  4 merfolk impalers
  3 hydras
  5 ice dragons
  3 vault guards
  2 rakshasas
  A hell beast (Depths:4)
  2 merfolk avatars (Shoals:4)
  5 spriggan air magi (Depths:4)
  A catoblepas (Shoals:2)
  4 merfolk aquamancers
  7 centaur warriors
  An alligator snapping turtle (Shoals:2)
  A satyr (Shoals:3)
  A queen ant (Spider:4)
  27 two-headed ogres
  5 deep troll shamans
  10 death yaks
  A small abomination (Elf:3)
  An alligator (Depths:4)
  8 death scarabs (Spider:4)
  A vampire mage (Depths:4)
  2 orc high priests (Depths:4)
  4 deep troll earth magi
  2 tengu warriors
  14 dancing weapons
  2 spriggan berserkers
  4 thrashing horrors (Abyss:4)
  Urug (D:10)
  A sun demon (Depths:4)
  8 hell knights
  A soul eater (Depths:2)
  12 deep elf knights
  An iron troll (Depths:3)
  A golden dragon zombie (Depths:4)
  An iron giant zombie (Crypt:1)
  6 sea snakes
  19 skeletal warriors
  A death drake (Depths:2)
  3 spectral anacondas (Depths:2)
  A flayed ghost (Depths:2)
  13 deep elf archers
  A cherub (D:13)
  A glowing orange brain (Depths:2)
  3 unseen horrors
  3 lindwurms
  4 deep trolls
  2 orange crystal statues
  Pikel (D:8)
  4 wizards
  A large abomination (Abyss:4)
  5 phantasmal warriors
  7 ironbrand convokers
  2 mana vipers (Depths:2)
  5 necromancers (Depths:4)
  3 orc knights
  20 wolf spiders
  2 wolf spider zombies (Spider:4)
  3 spectral wolf spiders (Spider:4)
  11 orb spiders
  13 harpies
  2 wolf spiders (shapeshifter)
  13 fauns
  An orc sorcerer (Orc:1)
  An iron dragon zombie (Depths:4)
  13 manticores
  43 deep elf magi
  21 ugly things
  4 moths of wrath
  3 water nymphs (Shoals:4)
  3 merfolk sirens
  2 ice statues
  5 black mambas
  Psyche (D:8)
  4 vault sentinels
  A black mamba (shapeshifter) (Vaults:3)
  A gargoyle (D:12)
  6 elephants
  5 cyclopes
  A torpor snail (Spider:2)
  A guardian serpent (Abyss:4)
  2 molten gargoyles (Lair:6)
  8 cane toads
  4 spectral redbacks (Spider:4)
  3 rime drakes (Lair:5)
  A yaktaur zombie (Vaults:3)
  An ancient zyme (Abyss:4)
  8 komodo dragons
  A kobold demonologist (D:15)
  2 spectral merfolk (Depths:2)
  6 ice devils
  8 demonic crawlers
  7 freezing wraiths
  19 yaktaurs
  3 anaconda simulacra (IceCv)
  A pale draconian skeleton (Crypt:1)
  A human skeleton (Vaults:3)
  23 jumping spiders
  5 trolls
  A troll (shapeshifter) (Vaults:2)
  23 merfolk
  A meliai (shapeshifter) (D:14)
  2 polar bears
  A tengu conjurer (Depths:4)
  2 spectral tarantellas (Spider:4)
  A hornet (shapeshifter) (Depths:2)
  A bog body (Crypt:1)
  A hydra skeleton (Crypt:1)
  2 raiju (Depths:2)
  A jumping spider zombie (Spider:4)
  A spectral jumping spider (Spider:4)
  4 slime creatures
  15 hornets
  14 blink frogs
  A fire giant simulacrum (Vaults:3)
  6 snapping turtles
  5 dream sheep
  10 hippogriffs
  An iron dragon simulacrum (Depths:4)
  7 spriggans
  47 redbacks
  2 dire elephant simulacra (IceCv)
  5 vampires
  21 tarantellas
  6 wyverns
  6 shadows
  38 yaks
  8 wraiths
  13 water elementals
  7 fire elementals
  6 humans
  3 steam dragons
  9 basilisks
  3 hogs (Lair:5)
  3 neqoxecs (Depths:1)
  2 vampire mosquitoes (D:12)
  Grum (D:8)
  A chaos spawn (Depths:1)
  5 harpy simulacra (IceCv)
  14 soldier ants (Spider:4)
  2 acid dragons
  4 two-headed ogre zombies (WizLab)
  2 wargs
  4 hell hounds (Lair:6)
  15 water moccasins
  5 hydra simulacra
  A floating eye (Depths:4)
  3 nameless horrors
  9 porcupines
  2 spectral trolls (Depths:2)
  4 black bears
  21 orc warriors
  A spectral hornet (Spider:4)
  4 sky beasts
  3 ice beasts
  An alligator simulacrum (IceCv)
  31 ogres
  2 necrophages
  14 wolves
  4 phantoms
  37 centaurs
  10 boggarts
  6 crocodiles
  A lemure (D:8)
  6 big kobolds
  19 bullfrogs
  5 earth elementals
  3 scorpions
  4 troll zombies (WizLab)
  3 killer bees (D:8)
  27 wights
  6 electric eels
  A spectral centaur (Depths:2)
  2 bullfrog zombies
  6 centaur zombies
  5 lava snakes (Lair:6)
  7 howler monkeys
  A draconian simulacrum (IceCv)
  2 quasits
  3 jellies
  3 hounds
  15 orc priests
  4 centaur skeletons
  15 orc wizards
  4 bullfrog skeletons
  32 worker ants
  3 iguanas
  5 hell rats (Lair:5)
  5 troll simulacra (IceCv)
  2 spriggan simulacra (IceCv)
  An ogre zombie (WizLab)
  A centaur simulacrum (Depths:2)
  2 hound zombies
  A hound skeleton (D:9)
  A mummy (Ossuary)
  A howler monkey zombie (D:7)
  13 gnolls
  13 adders
  A naga simulacrum (Depths:2)
  3 shadow imps
  6 white imps (IceCv)
  13 ufetubi
  An ooze (D:3)
  An adder zombie (D:9)
  2 adder skeletons
  3 worms
  A dart slug (D:1)
  4 leopard geckos
  80 orcs
  3 ball pythons
  3 giant cockroaches
  10 goblins
  10 hobgoblins
  14 jackals
  7 quokkas
  15 bats
  5 frilled lizards
  2 goblin zombies
  8 hobgoblin zombies (Ossuary)
  3 jackal zombies
  16 kobolds
  9 kobold zombies (Ossuary)
  7 orc zombies (Ossuary)
  5 rats
  A rat zombie (Ossuary)
  3 ballistomycete spores
  3 crawling corpses (Elf:3)
  A starspawn tentacle (Abyss:4)
1637 creatures vanquished.

Vanquished Creatures (collateral kills)
  An ancient lich (WizLab)
  Sojobo (Vaults:2)
  2 caustic shrikes (Depths:2)
  A deep elf blademaster (Elf:3)
  A deep elf master archer (Elf:3)
  A kraken (Shoals:4)
  An ancient champion (WizLab)
  A sphinx (Vaults:3)
  A tengu reaver (Vaults:2)
  Donald (Vaults:4)
  The ghost of Witt the Fighter, an adept GrFi of Ashenzari (Shoals:2)
  Kirke (Lair:5)
  An azure jelly (Depths:4)
  A frost giant (Depths:4)
  3 vault wardens
  4 fire giants
  An emperor scorpion (Spider:4)
  A ghost moth (Spider:4)
  3 ghouls (Crypt:1)
  3 ironheart preservers
  2 spriggan defenders (Depths:3)
  5 very ugly things
  5 stone giants
  A war gargoyle (Depths:2)
  A vampire knight (Depths:5)
  A red draconian (Depths:4)
  A white draconian (Depths:4)
  A deep elf annihilator (Depths:3)
  2 eidola (Crypt:1)
  3 spark wasps
  A merfolk javelineer (Shoals:4)
  3 ettins
  3 merfolk impalers (Shoals:4)
  4 fire dragons
  Erolcha (D:13)
  A rakshasa (Vaults:3)
  2 yaktaur captains
  3 ice dragons
  A spriggan air mage (Depths:3)
  3 centaur warriors
  4 merfolk avatars
  A satyr (Shoals:4)
  A deep troll shaman (Depths:5)
  6 dancing weapons
  A merfolk aquamancer (Shoals:4)
  2 tengu warriors
  9 ogre magi
  4 deep troll earth magi (Depths:4)
  19 two-headed ogres
  A death yak (Shoals:2)
  3 spriggan berserkers
  10 skeletal warriors
  A soul eater (Depths:4)
  4 iron trolls
  2 shadow wraiths (Depths:2)
  8 deep elf knights
  3 death drakes (Depths:2)
  11 deep trolls
  A flayed ghost (Depths:5)
  3 glowing orange brains (Depths:2)
  2 wizards
  A cherub (D:13)
  4 sea snakes
  4 deep elf archers
  4 ironbrand convokers
  6 harpies
  An orange crystal statue (Depths:2)
  A spectral wolf spider (Spider:4)
  8 deep elf magi
  An orc knight (Orc:1)
  An orb spider (Spider:4)
  An orc sorcerer (Depths:4)
  3 necromancers
  3 cyclopes
  3 manticores
  4 wolf spiders
  2 moths of wrath (Lair:2)
  11 ugly things
  2 fauns (Shoals:1)
  3 elephants
  3 merfolk sirens
  A polar bear (Lair:6)
  A vault sentinel (Vaults:4)
  3 water nymphs
  2 spectral redbacks (Spider:4)
  3 freezing wraiths
  A human skeleton (Vaults:3)
  3 yaktaurs
  An ice devil (IceCv)
  2 demonic crawlers (Spider:2)
  An anaconda simulacrum (IceCv)
  3 tengu conjurers
  4 jumping spiders
  9 merfolk
  A wind drake (Shoals:2)
  2 trolls (D:12)
  2 hornets
  A hippogriff (shapeshifter) (Vaults:1)
  A polar bear (shapeshifter) (Depths:2)
  2 blink frogs (Lair:6)
  A spectral jumping spider (Spider:4)
  10 slime creatures
  A hippogriff (Shoals:4)
  2 dream sheep (Shoals:2)
  A spriggan (shapeshifter) (Vaults:4)
  A snapping turtle (Shoals:3)
  6 water elementals
  6 wraiths
  4 yaks
  2 vampires (WizLab)
  19 redbacks
  3 shadows (Depths:2)
  5 tarantellas
  A hog (Lair:5)
  A dire elephant simulacrum (IceCv)
  2 humans (D:13)
  2 death yak simulacra (IceCv)
  A harpy simulacrum (IceCv)
  7 wargs
  An acid dragon (D:14)
  3 soldier ants (Spider:4)
  3 hell hounds (Depths:2)
  A water moccasin (Lair:6)
  5 nameless horrors
  A spectral troll (Depths:2)
  A floating eye (Depths:2)
  A black bear (D:9)
  A sky beast (D:10)
  16 orc warriors
  16 ogres
  2 necrophages (Crypt:1)
  A boggart (Vaults:1)
  3 wolves (Depths:2)
  3 centaurs (Bailey)
  A crocodile (Lair:5)
  A bullfrog (D:9)
  An earth elemental (Elf:1)
  3 spectral nagas (Depths:2)
  A troll zombie (WizLab)
  3 wights
  A howler monkey (D:9)
  An electric eel (Elf:3)
  7 orc priests
  An iron imp (Depths:3)
  7 orc wizards
  8 worker ants
  A troll simulacrum (IceCv)
  An ogre zombie (WizLab)
  A howler monkey zombie (D:10)
  3 gnolls (Orc:2)
  2 white imps (IceCv)
  24 orcs
  440 ballistomycete spores
919 creatures vanquished.

Vanquished Creatures (others)
  3 thorn hunters (Depths:4)
  A deep elf sorcerer (Vaults:4)
  A spriggan defender (Depths:3)
  A deep elf demonologist (Elf:2)
  A fire dragon (Depths:2)
  A sun demon (Depths:4)
  A swamp dragon (Depths:4)
  A sea snake (Shoals:2)
  A wizard (Depths:3)
  A wolf spider (Spider:2)
  A black mamba (Lair:4)
  2 slime creatures (Depths:4)
  An air elemental (Elf:2)
  3 humans (D:13)
  A basilisk (Depths:4)
  A hell hound (Lair:6)
  A jelly (Depths:4)
  45 ballistomycete spores
  14 briar patches (Depths:4)
  50 fulminant prisms
  77 fungi
  172 plants
  8 snaplasher vines
  12 tentacles (Shoals:4)
  3 withered plants (Vaults:2)
403 creatures vanquished.

Grand Total: 2959 creatures vanquished

Notes
Turn   | Place    | Note
-------+----------+-------------------------------------------
     0 | D:1      | dolemite99 the Gnoll Conjurer began the quest for the Orb.
     0 | D:1      | Reached XP level 1. HP: 13/13 MP: 6/6
   252 | D:1      | You fall into a shaft and drop 1 floor!
   434 | D:1      | Reached XP level 2. HP: 9/19 MP: 2/7
  1052 | D:1      | Learned a level 2 spell: Searing Ray
  1496 | D:2      | Reached skill level 5 in Spellcasting
  1496 | D:2      | Reached XP level 3. HP: 25/25 MP: 4/9
  1761 | D:2      | Reached skill level 1 in Invocations
  1820 | D:2      | Reached skill level 1 in Fighting
  1820 | D:2      | Reached skill level 1 in Short Blades
  1820 | D:2      | Reached skill level 1 in Long Blades
  1820 | D:2      | Reached skill level 1 in Axes
  1820 | D:2      | Reached skill level 1 in Maces & Flails
  1820 | D:2      | Reached skill level 1 in Polearms
  1820 | D:2      | Reached skill level 1 in Staves
  1820 | D:2      | Reached skill level 1 in Slings
  1820 | D:2      | Reached skill level 1 in Bows
  1820 | D:2      | Reached skill level 1 in Crossbows
  1820 | D:2      | Reached skill level 1 in Throwing
  1820 | D:2      | Reached skill level 1 in Armour
  1820 | D:2      | Reached skill level 1 in Shields
  1820 | D:2      | Reached skill level 1 in Unarmed Combat
  1820 | D:2      | Reached skill level 1 in Evocations
  1847 | D:2      | Reached XP level 4. HP: 27/32 MP: 11/11
  2335 | D:2      | Reached skill level 1 in Hexes
  2335 | D:2      | Reached skill level 1 in Summonings
  2335 | D:2      | Reached skill level 1 in Necromancy
  2335 | D:2      | Reached skill level 1 in Translocations
  2335 | D:2      | Reached skill level 1 in Transmutations
  2335 | D:2      | Reached skill level 1 in Fire Magic
  2335 | D:2      | Reached skill level 1 in Ice Magic
  2335 | D:2      | Reached skill level 1 in Air Magic
  2335 | D:2      | Reached skill level 1 in Earth Magic
  2335 | D:2      | Reached skill level 1 in Poison Magic
  2980 | D:3      | Found a shimmering altar of Xom.
  3313 | D:3      | Reached XP level 5. HP: 36/37 MP: 6/12
  3594 | D:3      | Found a sparkling altar of Nemelex Xobeh.
  3780 | D:3      | Found a broken altar of Ashenzari.
  3832 | D:3      | Found a glowing silver altar of Zin.
  3832 | D:3      | Found a glowing golden altar of the Shining One.
  3855 | D:3      | Became a worshipper of the Shining One
  3962 | D:3      | Found a sacrificial altar of Ru.
  4270 | D:3      | Fell from the grace of the Shining One
  4270 | D:3      | Became a worshipper of Ru the Awakened
  4433 | D:4      | Learned a level 3 spell: Dazzling Flash
  4443 | D:4      | Found a sand-covered staircase.
  4450 | Ossuary  | Entered an ossuary
  4456 | Ossuary  | Learned a level 4 spell: Fulminant Prism
  4952 | Ossuary  | Reached skill level 2 in Invocations
  4952 | Ossuary  | Reached XP level 6. HP: 35/44 MP: 8/13
  5298 | D:3      | Learned a level 4 spell: Iskenderun's Mystic Blast
  5438 | D:3      | Reached skill level 5 in Dodging
  6169 | D:4      | Noticed a phantom
  6201 | D:4      | Killed a phantom
  6201 | D:4      | Reached XP level 7. HP: 33/50 MP: 0/15
  6657 | D:4      | Found a hide-covered altar of Uskayaw.
  6660 | D:4      | Noticed a +0 dagger
  6666 | D:4      | Noticed a +0 dagger
  6780 | D:4      | Reached skill level 5 in Stealth
  7109 | D:4      | Reached skill level 3 in Invocations
  7201 | D:5      | Entered Level 5 of the Dungeon
  7596 | D:5      | Reached XP level 8. HP: 57/57 MP: 13/16
  7797 | D:5      | Found a staircase to the Ecumenical Temple.
  7814 | Temple   | Entered the Ecumenical Temple
  7992 | Temple   | Fell from the grace of Ru
  7992 | Temple   | Became a worshipper of Fedhas Madash
 10042 | D:6      | Found a radiant altar of Vehumet.
 10652 | D:6      | Found an ancient bone altar of Kikubaaqudgha.
 10786 | D:6      | Reached skill level 4 in Invocations
 11482 | D:6      | Reached XP level 9. HP: 49/65 MP: 9/18
 11665 | D:6      | Found a bloodstained altar of Trog.
 11776 | D:6      | Found a hazy altar of Hepliaklqana.
 12241 | D:7      | Reached * piety under Fedhas
 13032 | D:7      | Found Dexzovaocu's Armour Emporium.
 13040 | D:7      | Bought the +1 leather armour "Onnius" {Str+3} for 304 gold
                  | pieces
 13055 | D:7      | Learned a level 1 spell: Animate Skeleton
 13884 | D:7      | Learned a level 1 spell: Apportation
 14706 | D:8      | Found a snail-covered altar of Cheibriados.
 14796 | D:8      | Reached skill level 5 in Invocations
 15118 | D:8      | Noticed a purple ugly thing
 15141 | D:8      | Killed a purple ugly thing
 15141 | D:8      | Reached XP level 10. HP: 73/73 MP: 6/20
 15673 | D:8      | Found an ornate altar of the Wu Jian Council.
 15793 | D:8      | Found a stormy altar of Qazlal.
 15848 | D:8      | Noticed Pikel
 15859 | D:8      | Killed Pikel
 15859 | D:8      | Reached skill level 5 in Fighting
 15859 | D:8      | Reached skill level 5 in Short Blades
 15859 | D:8      | Reached skill level 5 in Long Blades
 15859 | D:8      | Reached skill level 5 in Axes
 15859 | D:8      | Reached skill level 5 in Maces & Flails
 15859 | D:8      | Reached skill level 5 in Polearms
 15859 | D:8      | Reached skill level 5 in Staves
 15859 | D:8      | Reached skill level 5 in Slings
 15859 | D:8      | Reached skill level 5 in Bows
 15859 | D:8      | Reached skill level 5 in Crossbows
 15859 | D:8      | Reached skill level 5 in Throwing
 15859 | D:8      | Reached skill level 5 in Armour
 15859 | D:8      | Reached skill level 5 in Shields
 15859 | D:8      | Reached skill level 5 in Unarmed Combat
 15859 | D:8      | Reached skill level 5 in Evocations
 16142 | D:8      | Identified a scroll of acquirement
 16142 | D:8      | Acquired an uncursed staff of conjuration
 16238 | D:8      | Noticed Psyche
 16249 | D:8      | Killed Psyche
 16353 | D:8      | Noticed a two-headed ogre
 16366 | D:8      | Killed a two-headed ogre
 16394 | D:8      | Noticed Grum
 16398 | D:8      | Killed Grum
 16398 | D:8      | Reached skill level 6 in Invocations
 17160 | D:9      | Reached ** piety under Fedhas
 17191 | D:9      | Reached XP level 11. HP: 43/81 MP: 8/22
 18268 | D:9      | Found a staircase to the Lair.
 18324 | D:9      | Found a shadowy altar of Dithmenos.
 18510 | D:9      | Got a translucent spear
 18598 | D:7      | Bought a +1 pair of boots for 172 gold pieces
 18682 | Lair:1   | Entered Level 1 of the Lair of Beasts
 19239 | Lair:1   | Reached skill level 5 in Hexes
 19239 | Lair:1   | Reached skill level 5 in Summonings
 19239 | Lair:1   | Reached skill level 5 in Necromancy
 19239 | Lair:1   | Reached skill level 5 in Translocations
 19239 | Lair:1   | Reached skill level 5 in Transmutations
 19239 | Lair:1   | Reached skill level 5 in Fire Magic
 19239 | Lair:1   | Reached skill level 5 in Ice Magic
 19239 | Lair:1   | Reached skill level 5 in Air Magic
 19239 | Lair:1   | Reached skill level 5 in Earth Magic
 19239 | Lair:1   | Reached skill level 5 in Poison Magic
 19998 | Lair:1   | Learned a level 2 spell: Wereblood
 20629 | Lair:2   | Found a transporter.
 20635 | Lair:2   | Found the +3 warlock's mirror {reflect}
 20635 | Lair:2   | Noticed Ciovowug's ghost (journeyman DrTm)
 20640 | Lair:2   | Noticed a moth of wrath
 20652 | Lair:2   | Noticed a seven-headed hydra
 20668 | Lair:2   | Found a transporter.
 20670 | Lair:2   | Noticed a moth of wrath
 20745 | Lair:2   | Reached skill level 7 in Invocations
 21658 | Lair:2   | Noticed an oklob plant
 21806 | Lair:2   | Noticed a five-headed hydra
 21997 | Lair:3   | Got a distressingly furry ring mail
 22008 | Lair:3   | Identified the +7 ring mail of Fokenliz {rC+ Dex+4 SInv
                  | Stlth-} (You found it on level 3 of the Lair of Beasts)
 22062 | Lair:3   | Found a hole to the Spider Nest.
 22361 | Lair:3   | Noticed an oklob plant
 22362 | Lair:3   | Noticed an oklob plant
 22371 | Lair:3   | Got a fading helmet
 22377 | Lair:3   | Identified the +1 helmet "Tefeadily" {rN+} (You found it on
                  | level 3 of the Lair of Beasts)
 22380 | Lair:3   | Got a coiled brass amulet
 22385 | Lair:3   | Identified the cursed +1 spear of Dishonour {flame, rF+
                  | Str+5} (You found it on level 9 of the Dungeon)
 22399 | Lair:3   | Identified the amulet "Udies" {Regen+ Stlth+} (You found it
                  | on level 3 of the Lair of Beasts)
 22472 | Lair:3   | You fall into a shaft and drop 3 floors!
 22472 | Lair:6   | Entered Level 6 of the Lair of Beasts
 22472 | Lair:6   | Found a snail-covered altar of Cheibriados.
 22724 | Lair:4   | Found a staircase to the Shoals.
 22725 | Lair:4   | Noticed a manticore
 22737 | Lair:4   | Killed a manticore
 22737 | Lair:4   | Reached XP level 12. HP: 65/89 MP: 16/24
 23001 | Lair:4   | Found a runed translucent door.
 23123 | Lair:4   | Reached *** piety under Fedhas
 23500 | Lair:4   | You fall into a shaft and drop 2 floors!
 23717 | Lair:6   | Noticed a six-headed hydra
 23729 | Lair:6   | Killed a six-headed hydra
 23729 | Lair:6   | Reached skill level 8 in Invocations
 24360 | Lair:6   | Noticed a death yak
 24369 | Lair:6   | Noticed a death yak
 24371 | Lair:6   | Noticed a death yak
 24401 | Lair:6   | Killed a death yak
 24404 | Lair:6   | Killed a death yak
 24602 | Lair:6   | Killed a death yak
 25480 | Lair:6   | Reached XP level 13. HP: 98/98 MP: 22/26
 25679 | Lair:6   | Noticed a fire dragon
 26996 | Lair:6   | Found a large runed translucent door.
 26997 | Lair:6   | Found a large runed translucent door.
 27035 | Lair:6   | Killed a fire dragon
 27358 | Lair:5   | Reached skill level 9 in Invocations
 27362 | Lair:5   | Noticed Kirke
 27379 | Lair:5   | Killed Kirke
 27379 | Lair:5   | Reached skill level 10 in Conjurations
 27382 | Lair:5   | Found a staircase to the Slime Pits.
 27382 | Lair:5   | Found a viscous altar of Jiyva.
 28046 | Lair:5   | Reached skill level 10 in Spellcasting
 29958 | Lair:2   | Learned a level 5 spell: Summon Forest
 29964 | Lair:2   | Learned a level 5 spell: Summon Mana Viper
 29970 | Lair:2   | Learned a level 5 spell: Yara's Violent Unravelling
 30089 | D:10     | Entered Level 10 of the Dungeon
 30138 | D:10     | Reached XP level 14. HP: 64/106 MP: 18/28
 30510 | D:10     | Reached skill level 10 in Dodging
 31287 | D:10     | Noticed Urug
 31300 | D:10     | Killed Urug
 31554 | D:10     | Found a portal to a secret trove of treasure.
 31676 | D:11     | Reached **** piety under Fedhas
 31808 | D:11     | Reached skill level 10 in Stealth
 31940 | D:11     | Learned a level 2 spell: Poisonous Vapours
 31946 | D:11     | Learned a level 4 spell: Summon Lightning Spire
 32722 | D:11     | Found a runed translucent door.
 32726 | D:11     | Noticed ChampionHyena's ghost (journeyman MiBe)
 32730 | D:11     | Identified the cursed +2 spear of Exhibitionism {pain,
                  | Int+7}
 32886 | D:11     | Killed ChampionHyena's ghost
 33606 | D:12     | Reached skill level 10 in Invocations
 34443 | D:12     | Learned a level 3 spell: Mephitic Cloud
 34657 | D:12     | Noticed an orc warlord
 34676 | D:12     | Killed an orc warlord
 35318 | D:12     | Found a blossoming altar of Fedhas.
 35378 | D:12     | Found a staircase to the Orcish Mines.
 35478 | Orc:1    | Entered Level 1 of the Orcish Mines
 35862 | Orc:1    | Found a flagged portal.
 35872 | Bailey   | Entered a bailey
 36090 | Bailey   | Reached ***** piety under Fedhas
 36909 | Bailey   | Learned a level 3 spell: Tukima's Dance
 37326 | Orc:2    | Entered Level 2 of the Orcish Mines
 37557 | Orc:2    | Reached XP level 15. HP: 60/115 MP: 8/29
 37618 | Orc:2    | Found a staircase to the Elven Halls.
 37710 | Orc:2    | Reached skill level 10 in Armour
 38315 | Orc:2    | Found Ydaw's General Store.
 38316 | Orc:2    | Found Reogg's General Store.
 38316 | Orc:2    | Found Xuiloito's Magic Scroll Boutique.
 38316 | Orc:2    | Found Jeficiy's Assorted Antiques.
 38340 | Orc:2    | Bought the +8 demon trident "Rift" {distort, reach+} for
                  | 1098 gold pieces
 38340 | Orc:2    | Found the +8 demon trident "Rift" {distort, reach+}
 38577 | Orc:2    | Found a bloodstained altar of Trog.
 38763 | Orc:2    | Bought an encrusted steel ring for 155 gold pieces
 38764 | Orc:2    | Bought a smoky inky potion for 27 gold pieces
 38765 | Orc:2    | Bought a scroll of identify for 62 gold pieces
 38765 | Orc:2    | Bought a scroll of identify for 62 gold pieces
 38791 | Orc:2    | Bought a +0 hat of intelligence for 143 gold pieces
 38815 | Orc:2    | Bought a scroll of amnesia for 38 gold pieces
 38815 | Orc:2    | Bought a scroll of blinking for 82 gold pieces
 38815 | Orc:2    | Bought a scroll of amnesia for 38 gold pieces
 38815 | Orc:2    | Bought a scroll of magic mapping for 38 gold pieces
 38815 | Orc:2    | Bought a scroll of fog for 22 gold pieces
 38815 | Orc:2    | Bought a scroll of silence for 82 gold pieces
 39275 | D:13     | Noticed Erolcha
 39282 | D:13     | Killed Erolcha
 39376 | D:13     | Found a transporter.
 39653 | D:13     | Found a transporter.
 39755 | D:13     | Found a gate to the Vaults.
 39860 | D:13     | Reached skill level 10 in Fighting
 39860 | D:13     | Reached skill level 10 in Short Blades
 39860 | D:13     | Reached skill level 10 in Long Blades
 39860 | D:13     | Reached skill level 10 in Axes
 39860 | D:13     | Reached skill level 10 in Maces & Flails
 39860 | D:13     | Reached skill level 10 in Polearms
 39860 | D:13     | Reached skill level 10 in Staves
 39860 | D:13     | Reached skill level 10 in Slings
 39860 | D:13     | Reached skill level 10 in Bows
 39860 | D:13     | Reached skill level 10 in Crossbows
 39860 | D:13     | Reached skill level 10 in Throwing
 39860 | D:13     | Reached skill level 10 in Shields
 39860 | D:13     | Reached skill level 10 in Unarmed Combat
 39860 | D:13     | Reached skill level 10 in Evocations
 40275 | D:13     | Learned a level 1 spell: Animate Skeleton
 40666 | D:14     | Noticed Snorg
 40699 | D:14     | Killed Snorg
 40800 | D:14     | Found Raascheul's Weapon Boutique.
 41061 | D:14     | Found Donae's Gadget Shoppe.
 41108 | D:14     | Bought a condenser vane (2/2) for 260 gold pieces
 41145 | D:14     | Found Liniajuh's Distillery.
 41226 | D:14     | Bought a potion of curing for 36 gold pieces
 41226 | D:14     | Bought a potion of curing for 36 gold pieces
 41286 | D:14     | Found Barip's Antique Weapon Boutique.
 41652 | D:14     | Found Wungem's Assorted Antiques.
 41727 | D:15     | Entered Level 15 of the Dungeon
 41758 | D:15     | Reached skill level 11 in Invocations
 41894 | D:15     | Reached ****** piety under Fedhas
 42789 | D:15     | Found a staircase to the Depths.
 43560 | Shoals:1 | Entered Level 1 of the Shoals
 44333 | Shoals:1 | Found Fulayn's Gadget Shop.
 44408 | Shoals:1 | Reached XP level 16. HP: 103/123 MP: 31/31
 44565 | Shoals:1 | Noticed Nikola
 44586 | Shoals:1 | Killed Nikola
 45326 | Shoals:2 | Noticed Polyphemus
 45503 | Shoals:2 | Killed Polyphemus
 45850 | Shoals:2 | Identified the +8 long sword "Cotheun" {flame, Dex+7
                  | Stlth+}
 45945 | Shoals:2 | Found a runed translucent door.
 45945 | Shoals:2 | Found a shimmering altar of Xom.
 45945 | Shoals:2 | Identified the +10 bardiche of Durable Offence {chaos,
                  | +Blink rF+ Int-2 Stlth+}
 45945 | Shoals:2 | Noticed Witt's ghost (adept GrFi)
 46101 | Shoals:2 | Identified Roxanne's Almanac of Sharkskin
 46101 | Shoals:2 | Noticed Roxanne
 46501 | Shoals:2 | Killed Roxanne
 46525 | Shoals:2 | Learned a level 6 spell: Freezing Cloud
 47387 | Shoals:3 | Acquired the ring of Cekkil {+Inv rPois Dex+4}
 47920 | Spider:1 | Entered Level 1 of the Spider Nest
 47984 | Spider:1 | Reached skill level 12 in Invocations
 48027 | Spider:1 | You fall into a shaft and drop 1 floor!
 48799 | Spider:2 | Reached XP level 17. HP: 126/131 MP: 23/33
 49664 | Spider:2 | Identified the +2 shortbow of the Insatiable Dreams {flame,
                  | rElec MR++ Int-5 Stlth+} (You found it on level 2 of the
                  | Spider Nest)
 51223 | Shoals:1 | Bought a phantom mirror for 480 gold pieces
 51225 | Shoals:1 | Bought a wand of polymorph (7) for 144 gold pieces
 51320 | Slime:1  | Entered Level 1 of the Pits of Slime
 51320 | Slime:1  | Noticed an acid blob
 51473 | Spider:4 | Entered Level 4 of the Spider Nest
 51977 | Spider:4 | Reached skill level 10 in Hexes
 51977 | Spider:4 | Reached skill level 10 in Summonings
 51977 | Spider:4 | Reached skill level 10 in Necromancy
 51977 | Spider:4 | Reached skill level 10 in Translocations
 51977 | Spider:4 | Reached skill level 10 in Transmutations
 51977 | Spider:4 | Reached skill level 10 in Fire Magic
 51977 | Spider:4 | Reached skill level 10 in Ice Magic
 51977 | Spider:4 | Reached skill level 10 in Air Magic
 51977 | Spider:4 | Reached skill level 10 in Earth Magic
 51977 | Spider:4 | Reached skill level 10 in Poison Magic
 53362 | Spider:4 | Reached XP level 18. HP: 140/140 MP: 22/34
 53626 | Spider:4 | Reached skill level 13 in Invocations
 53945 | Spider:4 | Got a gossamer rune of Zot
 54716 | Vaults:1 | Entered Level 1 of the Vaults
 54726 | Vaults:1 | Learned a level 5 spell: Silence
 56535 | Vaults:1 | Found Unumige's Weapon Shop.
 56994 | Vaults:2 | Found a staircase to the Crypt.
 56994 | Vaults:2 | Found a basalt altar of Yredelemnul.
 56994 | Vaults:2 | Found an ancient bone altar of Kikubaaqudgha.
 57220 | Vaults:2 | Noticed Margery
 57230 | Vaults:2 | Banished Margery
 57356 | Vaults:2 | You fall into a shaft and drop 1 floor!
 57371 | Vaults:3 | Reached XP level 19. HP: 48/147 MP: 20/36
 58107 | Vaults:3 | Noticed a lich
 58115 | Vaults:3 | Killed a lich
 59054 | Vaults:2 | Found Opnoysy's General Store.
 59061 | Vaults:2 | Bought a potion of curing for 57 gold pieces
 59061 | Vaults:2 | Bought a potion of curing for 57 gold pieces
 59070 | Vaults:2 | Found Lekie's Jewellery Boutique.
 59144 | Vaults:2 | Found Guvid's Weapon Shop.
 59248 | Vaults:2 | Found Atibisue's Weapon Emporium.
 59257 | Vaults:2 | Bought the cursed +3 hand axe "Ciofequtt" {venom, MR+} for
                  | 394 gold pieces
 59285 | Vaults:2 | Found a runed translucent door.
 59285 | Vaults:2 | Noticed HilariousDeathArtist's ghost (adept CeWn)
 59339 | Vaults:2 | HP: 4/148 [skeletal warrior/+0 mace (23)]
 59898 | Vaults:2 | Found Zesuamp's Antique Weapon Emporium.
 61053 | Vaults:2 | Banished HilariousDeathArtist's ghost
 61914 | Vaults:3 | Reached skill level 14 in Invocations
 61941 | Vaults:3 | Noticed Aizul
 61951 | Vaults:3 | Killed Aizul
 63012 | Vaults:4 | Reached XP level 20. HP: 156/156 MP: 32/37
 64082 | Vaults:4 | Noticed Donald
 64095 | Vaults:4 | Killed Donald
 65138 | Elf:1    | Entered Level 1 of the Elven Halls
 65647 | Elf:1    | Found a frozen archway.
 65655 | IceCv    | Entered an ice cave
 66919 | IceCv    | Found the +0 pair of fencer's gloves {Riposte Dex+3}
 66929 | IceCv    | Identified the +4 pair of gloves "Baakuce" {MR+} (You found
                  | it in an ice cave)
 66951 | IceCv    | Identified the cursed +0 plate armour "Coweerac" {Int+3}
                  | (You found it in an ice cave)
 67290 | Elf:1    | Found a runed translucent gate.
 67290 | Elf:1    | Found a runed translucent gate.
 67290 | Elf:1    | Found a runed translucent gate.
 67303 | Elf:1    | Noticed heteroy's ghost (adept GrFi)
 68090 | Elf:1    | Killed heteroy's ghost
 69287 | Elf:2    | Found a runed translucent gate.
 69287 | Elf:2    | Found a runed translucent gate.
 69287 | Elf:2    | Found a runed translucent gate.
 69868 | Elf:2    | Reached XP level 21. HP: 164/164 MP: 39/39
 69881 | Elf:2    | Identified the +1 helmet of Okawaru's Condemnation {rN++
                  | Str-4} (You found it on level 2 of the Elven Halls)
 70317 | Vaults:2 | Bought the ring "Jyenor" {rCorr Int+3 Dex+2 Slay+2} for 688
                  | gold pieces
 70901 | Shoals:4 | Entered Level 4 of the Shoals
 71824 | Shoals:4 | Got a barnacled rune of Zot
 72148 | Shoals:4 | Found Hsot's Humungous Hoard.
 72340 | Shoals:4 | Reached skill level 15 in Invocations
 72859 | D:9      | Upgraded the game from 0.26-a0-651-gb41185065b to
                  | 0.26-a0-652-gafc20e3620
 72875 | D:9      | Learned a level 2 spell: Blink
 72878 | D:9      | Learned a level 2 spell: Passwall
 72950 | Lair:2   | Killed Ciovowug's ghost
 73115 | D:9      | Learned a level 6 spell: Shadow Creatures
 73122 | D:9      | Learned a level 5 spell: Borgnjor's Vile Clutch
 73386 | Elf:3    | Entered Level 3 of the Elven Halls
 73562 | Elf:3    | Found a magical portal.
 73581 | WizLab   | Entered Zonguldrok's Shrine
 74207 | WizLab   | Noticed an antique lich
 74225 | WizLab   | Killed an antique lich
 75280 | Elf:3    | Identified the +11 long sword of Conscience {vorpal, rElec
                  | MP+9 Str+4 SInv}
 75644 | Elf:3    | Identified the +6 falchion of Pandemonium {vorpal, *Drain
                  | +Inv Dex+4}
 75654 | Elf:3    | Identified the +7 lajatang of Disaster {vamp, rN+ Str+4}
 75873 | Elf:3    | Reached skill level 15 in Spellcasting
 75880 | Elf:3    | Reached XP level 22. HP: 172/172 MP: 38/41
 76127 | Elf:3    | Identified the +8 rapier of Nemelex Xobeh's Hope {freeze,
                  | rF+ Str+2 Dex+2}
 76135 | Elf:3    | Identified the +3 ring mail of Gluttony {rElec rF+ Dex+2}
 76529 | Elf:3    | Found Ovon's Gadget Emporium.
 76947 | Elf:3    | Reached skill level 15 in Dodging
 77000 | Elf:3    | Reached skill level 15 in Stealth
 77191 | Elf:3    | Learned a level 4 spell: Animate Dead
 77193 | Elf:3    | Identified the cursed +1 great sword "Mozot" {drain,
                  | *Contam Str-5 Int+6 SInv}
 77393 | Elf:3    | Acquired 877 gold pieces
 78454 | Orc:2    | Bought a potion of haste for 310 gold pieces
 78612 | D:14     | Bought a translucent morningstar for 297 gold pieces
 78613 | D:14     | Identified the +3 morningstar of Muwi {pain, MR+ Str+7
                  | Int+4 Stlth-} (You bought it in a shop on level 14 of the
                  | Dungeon)
 78618 | D:14     | Bought a fine flail for 280 gold pieces
 78620 | D:14     | Identified the +9 flail of the Egg {holy, Int+7} (You
                  | bought it in a shop on level 14 of the Dungeon)
 78929 | Elf:3    | Cast into level 4 of the Abyss (unwielding a weapon of
                  | distortion)
 78929 | Abyss:4  | Found a corrupted altar of Lugonu.
 78939 | Abyss:4  | Found a shimmering blue altar of Sif Muna.
 78945 | Abyss:4  | Identified the Almanac of Malediction
 78950 | Abyss:4  | Identified the Handbook of Stones
 78968 | Abyss:4  | Found a shimmering blue altar of Sif Muna.
 78968 | Abyss:4  | Identified Sif Muna's Collected Works on Stones
 78979 | Abyss:4  | Identified the Collected Works on Dark Rites
 79010 | Abyss:4  | Identified Elucki's Incunabulum of Battle Magic
 79017 | Abyss:4  | Identified the Papyrus of Transmutation
 79019 | Abyss:4  | Identified the Catalogue of Snow
 79033 | Abyss:4  | Identified the Almanac of the Traveller
 79035 | Abyss:4  | Identified the Reference Book on Moulding
 79105 | Abyss:4  | Found a shimmering blue altar of Sif Muna.
 79129 | Elf:3    | Escaped the Abyss
 79144 | Elf:3    | Learned a level 3 spell: Mephitic Cloud
 79243 | Elf:3    | Bought a wand of iceblast (7) for 121 gold pieces
 79243 | Elf:3    | Bought a wand of disintegration (13) for 187 gold pieces
 79243 | Elf:3    | Bought a wand of disintegration (11) for 165 gold pieces
 79373 | Orc:2    | Bought a scroll of magic mapping for 45 gold pieces
 79629 | D:14     | Bought a potion of magic for 96 gold pieces
 79629 | D:14     | Bought a potion of resistance for 120 gold pieces
 79629 | D:14     | Bought a potion of resistance for 120 gold pieces
 79629 | D:14     | Bought a potion of haste for 120 gold pieces
 79629 | D:14     | Bought a potion of cancellation for 96 gold pieces
 79677 | Depths:1 | Entered Level 1 of the Depths
 79718 | Depths:1 | Identified the cursed +2 short sword of Floods {vorpal,
                  | rC++ Dex-3 Stlth+}
 80558 | Depths:1 | Found a shimmering altar of Xom.
 80627 | Depths:1 | Found a gateway to Hell.
 81826 | Depths:1 | Found a one-way gate leading to the halls of Pandemonium.
 81966 | Depths:2 | Reached skill level 15 in Armour
 82169 | Depths:2 | Learned a level 3 spell: Vampiric Draining
 82352 | Depths:2 | Reached skill level 16 in Invocations
 82783 | Depths:2 | Paralysed by a floating eye for 2 turns
 83127 | Depths:2 | Reached XP level 23. HP: 177/177 MP: 19/42
 83533 | Depths:2 | Found a one-way gate to the infinite horrors of the Abyss.
 83797 | Depths:2 | Noticed a caustic shrike
 83798 | Depths:2 | Noticed a caustic shrike
 83800 | Depths:2 | Noticed a caustic shrike
 83800 | Depths:2 | Noticed a caustic shrike
 83804 | Depths:2 | Killed a caustic shrike
 83815 | Depths:2 | Killed a caustic shrike
 83823 | Depths:2 | Killed a caustic shrike
 83825 | Depths:2 | Killed a caustic shrike
 83825 | Depths:2 | Reached skill level 15 in Fighting
 83825 | Depths:2 | Reached skill level 15 in Short Blades
 83825 | Depths:2 | Reached skill level 15 in Long Blades
 83825 | Depths:2 | Reached skill level 15 in Axes
 83825 | Depths:2 | Reached skill level 15 in Maces & Flails
 83825 | Depths:2 | Reached skill level 15 in Polearms
 83825 | Depths:2 | Reached skill level 15 in Staves
 83825 | Depths:2 | Reached skill level 15 in Slings
 83825 | Depths:2 | Reached skill level 15 in Bows
 83825 | Depths:2 | Reached skill level 15 in Crossbows
 83825 | Depths:2 | Reached skill level 15 in Throwing
 83825 | Depths:2 | Reached skill level 15 in Shields
 83825 | Depths:2 | Reached skill level 15 in Unarmed Combat
 83825 | Depths:2 | Reached skill level 15 in Evocations
 84137 | Depths:2 | Noticed an ancient lich
 84157 | Depths:2 | Killed an ancient lich
 84651 | Depths:2 | Reached XP level 24. HP: 121/185 MP: 35/42
 85096 | Depths:2 | Learned a level 1 spell: Apportation
 85124 | Depths:2 | Noticed Asterion
 85159 | Depths:2 | Killed Asterion
 85557 | Depths:2 | Identified Sif Muna's Disquisition on Toxic Stones
 85564 | Depths:2 | Reached XP level 25. HP: 195/195 MP: 42/42
 85622 | Depths:3 | Found a gateway to a ziggurat.
 86470 | Depths:3 | Found a corrupted altar of Lugonu.
 86497 | Depths:3 | Noticed the Enchantress
 86927 | Depths:3 | Killed the Enchantress
 89567 | Depths:4 | Found Vaywiygi's One-of-a-Kind Books.
 89858 | Depths:4 | Found a large runed translucent door.
 89858 | Depths:4 | Found a large runed translucent door.
 90675 | Depths:4 | Paralysed by a floating eye for 4 turns
 91694 | Depths:4 | Reached XP level 26. HP: 200/203 MP: 36/43
 92499 | Depths:4 | Learned a level 5 spell: Fireball
 92860 | Vaults:2 | Learned a level 6 spell: Death Channel
 92862 | Vaults:2 | Bought a book of Spatial Translocations for 1235 gold
                  | pieces
 92871 | Vaults:2 | Learned a level 6 spell: Statue Form
 93548 | Shoals:2 | Killed Witt's ghost
 94009 | Elf:1    | Identified the +3 pair of gloves of Fallacy {Str+3} (You
                  | found it on level 1 of the Elven Halls)
 95413 | Shoals:4 | Bought a scroll of holy word for 135 gold pieces
 95413 | Shoals:4 | Bought a potion of haste for 180 gold pieces
 95840 | Crypt:1  | Entered Level 1 of the Crypt
 96719 | Crypt:1  | Reached skill level 17 in Invocations
 96731 | Crypt:1  | Reached skill level 15 in Conjurations
 96857 | Crypt:1  | Noticed Mennas
 96868 | Crypt:1  | Noticed Sojobo
 96869 | Crypt:1  | Noticed Frederick
 96893 | Vaults:2 | Killed Sojobo
 97471 | Depths:5 | Entered Level 5 of the Depths
 98165 | Depths:5 | Killed from afar by a fire dragon

Illustrated notes

Levels and vault maps discovered:
D:1:      heliophobic_arrival_henge, layout_loops_cross
D:2:      layout_loops_ring
D:3:      layout_loops_ring, lemuel_crystal_altar,
          gammafunk_temple_overflow_pools, marbit_many_paths,
          lemuel_doored_altar, hangedman_decor_lopped, nemelex_dance_club_becter
D:4:      layout_rooms, dancing_weapons_uskayaw, enter_ossuary_4, st_stairs_10
D:5:      layout_rooms, minmay_temple_entry_drinking_statues
D:6:      layout_basic, old_standard_altar, kennysheep_mini_moat,
          kennysheep_mini, kennysheep_diamond
D:7:      layout_loops_ring, serial_shops, shop, minmay_chambers_of_fives
D:8:      layout_loops_corners, nicolae_overflow_hidden_temple, minitemple,
          roderic_batcave, uniq_grum, uniq_pikel, uniq_psyche
D:9:      layout_grid_maze, grunt_dithmenos_smoke_and_mirrors,
          due_lair_maze_entry_diamond
D:10:     layout_gridville, trove_entry_hex_spiral, minivault_16, uniq_urug
D:11:     layout_basic, ebering_ghost_funeral_grove
D:12:     minmay_the_grid_3x3 [minmay_the_grid_medium_cups,
          minmay_the_grid_spin_star, minmay_the_grid_paths,
          minmay_the_grid_dragon_b, minmay_the_grid_mess,
          minmay_the_grid_armoury, minmay_the_grid_empty,
          minmay_the_grid_plusring, minmay_the_grid_prize_four_corners],
          layout_irregular_city, david_orc_4, fedhas_altar_1
D:13:     gammafunk_wand_slinger, layout_cave_pools, ximxim_vaults_locker_room,
          serial_column_ruins, column_ruins_square_large,
          column_ruins_open_medium, column_ruins_columns_straight,
          column_ruins_open_tiny, column_ruins_grid_1,
          column_ruins_columns_straight, pf_eden, uniq_erolcha
D:14:     layout_loops_ring, serial_bayou_ford_a, serial_shops, shop_fountains,
          shop, shop, shop_statue, nicolae_shop_trees,
          chequers_serial_rivers_large_a, uniq_snorg
D:15:     grunt_enter_depths_snipers, layout_loops_corners,
          minmay_misc_feat_room
Temple:   grunt_temple_mini_profane
Lair:1:   layout_hall_layers, grunt_megastairs_4
Lair:2:   layout_roguey, gammafunk_ghost_berserking_beasts, grunt_megastairs_3,
          minmay_lair_oklob_chamber
Lair:3:   dpeg_oklob_gauntlet, layout_regular_city, spider_nest_entry_rubble
Lair:4:   gammafunk_mikee_crab_dinner, layout_regular_city,
          minmay_shoals_entry_beasts
Lair:5:   layout_cellular_growth, slime_altar_1, serial_bayou_shore_b,
          infiniplex_staircase_pool_2, serial_bayou_shore_b,
          serial_bayou_shore_a, uniq_kirke
Lair:6:   cheibrodos_lair_end_hotspot, layout_small_grid, basic_altar
Shoals:1: layout_shoals, serial_shops, shop, uniq_nikola
Shoals:2: cheibrodos_shoals_epimethial_gifts, layout_shoals, ebering_ghost_xom,
          uniq_roxanne, uniq_polyphemus
Shoals:3: layout_shoals
Shoals:4: shoals_end_hangedman, layout_shoals, nicolae_alphabet_shops
Spider:1: layout_spider_delve
Spider:2: layout_spider_delve
Spider:3: layout_spider_delve
Spider:4: floodkiller_spider_rune_tomb, zaba_anthell
Slime:1:  cheibrodos_slime_lost_civilization_3, layout_caves
Orc:1:    layout_diamond_mine, enter_bailey_7
Orc:2:    st_orc_ogre_mass, layout_diamond_mine, basic_altar, enter_volcano_1
Elf:1:    cheibrodos_elf_bladeworks, layout_loops_corners,
          portal_ice_cave_entry_ice_statue_one, gammafunk_ghost_tricky_traps,
          kennysheep_underground_church
Elf:2:    layout_geoelf_grid
Elf:3:    nooodl_elf_gasket, layout_geoelf_castle, mu_enter_wizlab_1,
          serial_shops, shop
Vaults:1: hangedman_vaults_stagger, vaults_mumra_hex, v_misc_19,
          ontoclasm_vaults_eye, v_misc_13, vaults_dpeg_diagonal,
          vaults_room_corners, nicolae_vaults_little_squares_6,
          vaults_dpeg_encased_lava, layout_vaults_big_room, serial_shops,
          nicolae_shop_temple_entry_statues_fountains
Vaults:2: gammafunk_vaults_ghost_grave, ontoclasm_vaults_spin,
          minmay_crypt_entry_necro_gods, vaults_room_large_hall, v_misc_31,
          vaults_room_grid, vaults_standard_mumra_x, nicolae_vaults_little_ls,
          v_alt_pattern_5, v_misc_2, ontoclasm_vaults_ligature,
          ontoclasm_vaults_twist, vaults_room_corners,
          nicolae_vaults_angled_halls, layout_vaults_big_cross, serial_shops,
          shop, shop, shop, shop, nicolae_shop_crystal, uniq_margery
Vaults:3: grunt_vaults_hallway_short, nicolae_vaults_network_barrier, v_misc_16,
          nicolae_vaults_know_your_exits, vaults_dpeg_hooks,
          grunt_vaults_twisty, vaults_room_grunt_arrival_ludios,
          layout_vaults_quadrants, uniq_aizul
Vaults:4: nicolae_vaults_specimen_jars, st_quartered_hall, v_misc_23,
          nicolae_vaults_disjoint_gnomons, hangedman_vaults_pinch,
          ontoclasm_vaults_ring_square, vaults_room_octagon, v_alt_pattern_2,
          ontoclasm_vaults_hangar, vaults_room_semicircle,
          vaults_mumra_chevron_long, v_pattern_3, v_misc_27,
          grunt_vaults_hallway_short, vaults_room_pool, vaults_room_fours,
          layout_vaults_omnibox, uniq_donald
Crypt:1:  layout_gridlike, uniq_sojobo, uniq_frederick, uniq_saint_roka,
          uniq_mennas
Depths:1: layout_roguey, rand_demon_pan_entry_9, fountainhead, hell_entry,
          minmay_curled_crystal, nrook_pool_corridor, xom_teletrap_fun
Depths:2: lemuel_river_lethe, abyss_entry, hell_entry, uniq_asterion
Depths:3: evilmike_halls_of_destruction, layout_gridlike, enter_ziggurat_f,
          pan_entry, abyss_entry_flame_altar, grunt_hell_entry_dis_old,
          hangedman_decor_opposing, uniq_enchantress
Depths:4: lightli_eight_chambers, layout_gridlike, grunt_metal_band,
          minmay_crystal_room, hangedman_abyss_entry_splay, nicolae_rare_books,
          lemuel_flamethrower_3
Depths:5: grunt_zot_entry_pinwheel, layout_basic, serial_corexii_hall,
          chequers_hall_statues_wall_a, corexii_hall_statues_t, hell_entry,
          abyss_entry

Skill      XL: |  1  2  3  4  5  6  7  8  9 10 11 12 13 14 15 16 17 18 19 20 21 22 23 24 25 26 |
---------------+-------------------------------------------------------------------------------+-----
Spellcasting   | 5 6 7 8 9 10 11 12 13 14 15 16 | 16.4
Invocations    | 1 2 3 4 5 6 7 8 9 10 11 12 13 14 15 16 17 | 17.1
Fighting       | 1 2 3 4 5 6 7 8 9 10 11 12 13 14 15 | 15.8
Short Blades   | 1 2 3 4 5 6 7 8 9 10 11 12 13 14 15 | 15.8
Long Blades    | 1 2 3 4 5 6 7 8 9 10 11 12 13 14 15 | 15.8
Axes           | 1 2 3 4 5 6 7 8 9 10 11 12 13 14 15 | 15.8
Maces & Flails | 1 2 3 4 5 6 7 8 9 10 11 12 13 14 15 | 15.8
Polearms       | 1 2 3 4 5 6 7 8 9 10 11 12 13 14 15 | 15.8
Staves         | 1 2 3 4 5 6 7 8 9 10 11 12 13 14 15 | 15.8
Slings         | 1 2 3 4 5 6 7 8 9 10 11 12 13 14 15 | 15.8
Bows           | 1 2 3 4 5 6 7 8 9 10 11 12 13 14 15 | 15.8
Crossbows      | 1 2 3 4 5 6 7 8 9 10 11 12 13 14 15 | 15.8
Throwing       | 1 2 3 4 5 6 7 8 9 10 11 12 13 14 15 | 15.8
Armour         | 1 2 3 4 5 6 7 8 9 10 11 12 13 14 15 16 | 16.0
Shields        | 1 2 3 4 5 6 7 8 9 10 11 12 13 14 15 | 15.8
Unarmed Combat | 1 2 3 4 5 6 7 8 9 10 11 12 13 14 15 | 15.8
Evocations     | 1 2 3 4 5 6 7 8 9 10 11 12 13 14 15 | 15.8
Hexes          | 1 2 3 4 5 6 7 8 9 10 11 12 13 | 13.6
Summonings     | 1 2 3 4 5 6 7 8 9 10 11 12 13 | 13.6
Necromancy     | 1 2 3 4 5 6 7 8 9 10 11 12 13 | 13.6
Translocations | 1 2 3 4 5 6 7 8 9 10 11 12 13 | 13.6
Transmutations | 1 2 3 4 5 6 7 8 9 10 11 12 13 | 13.6
Fire Magic     | 1 2 3 4 5 6 7 8 9 10 11 12 13 | 13.6
Ice Magic      | 1 2 3 4 5 6 7 8 9 10 11 12 13 | 13.6
Air Magic      | 1 2 3 4 5 6 7 8 9 10 11 12 13 | 13.6
Earth Magic    | 1 2 3 4 5 6 7 8 9 10 11 12 13 | 13.6
Poison Magic   | 1 2 3 4 5 6 7 8 9 10 11 12 13 | 13.6
Dodging        | 5 6 7 8 9 10 11 12 13 14 15 16 | 16.3
Stealth        | 5 6 7 8 9 10 11 12 13 14 15 16 | 16.2
Conjurations   | 8 9 10 11 12 13 14 15 | 15.0

Action                   |  1- 3 |  4- 6 |  7- 9 | 10-12 | 13-15 | 16-18 | 19-21 | 22-24 | 25-27 || total
-------------------------+-------+-------+-------+-------+-------+-------+-------+-------+-------++-------
Melee: Dagger            |    13 |       |       |       |       |       |       |       |       ||    13
       Spear             |    22 |    89 |    46 |    23 |   226 |       |       |       |       ||   406
       Bite              |       |     7 |     5 |    19 |    39 |    31 |    50 |    23 |    29 ||   203
       Punch             |       |       |     1 |     6 |    12 |       |       |       |       ||    19
       Staff             |       |       |       |    72 |    83 |       |       |    79 |    66 ||   300
       Whip              |       |       |       |    16 |       |       |       |       |       ||    16
       Morningstar       |       |       |       |    28 |       |       |       |    12 |    23 ||    63
       Demon trident     |       |       |       |       |   263 |   573 |   733 |    27 |       ||  1596
       Long sword        |       |       |       |       |       |       |       |    53 |    12 ||    65
       Flail             |       |       |       |       |       |       |       |    44 |    24 ||    68
       Unarmed           |       |       |       |       |       |       |       |       |    44 ||    44
 Fire: Shortbow          |       |       |   233 |     5 |       |       |       |       |       ||   238
Throw: Boomerang         |    27 |    53 |       |    40 |   385 |    94 |    52 |    47 |       ||   698
       Dart              |       |    39 |    20 |   199 |   264 |    10 |       |       |       ||   532
       Stone             |       |       |       |    15 |    69 |       |       |       |       ||    84
       Javelin           |       |       |       |       |   126 |   290 |   479 |   181 |   180 ||  1256
 Cast: Magic Dart        |    27 |    48 |    49 |       |       |       |       |       |       ||   124
       Searing Ray       |     1 |    19 |    31 |    59 |    62 |       |       |       |       ||   172
       Fulminant Prism   |       |     3 |     6 |    20 |    21 |       |       |       |       ||    50
       Dazzling Flash    |       |       |    15 |     3 |     5 |     1 |       |       |       ||    24
       Animate Skeleton  |       |       |       |    49 |    49 |    39 |    53 |       |       ||   190
       Iskenderun's Myst |       |       |       |    31 |    37 |       |       |       |       ||    68
       Wereblood         |       |       |       |     1 |       |       |       |       |       ||     1
       Summon Forest     |       |       |       |       |     5 |    11 |    14 |     2 |     2 ||    34
       Summon Lightning  |       |       |       |       |    68 |    44 |    65 |       |       ||   177
       Summon Mana Viper |       |       |       |       |    50 |    78 |    68 |     7 |    26 ||   229
       Yara's Violent Un |       |       |       |       |     3 |       |       |       |       ||     3
       Mephitic Cloud    |       |       |       |       |     2 |     7 |    19 |     2 |     7 ||    37
       Poisonous Vapours |       |       |       |       |     2 |     2 |     3 |     2 |    12 ||    21
       Tukima's Dance    |       |       |       |       |       |     3 |       |       |       ||     3
       Shadow Creatures  |       |       |       |       |       |       |    37 |    39 |    70 ||   146
       Blink             |       |       |       |       |       |       |     1 |    16 |    18 ||    35
       Borgnjor's Vile C |       |       |       |       |       |       |       |    18 |    35 ||    53
       Animate Dead      |       |       |       |       |       |       |       |    15 |    20 ||    35
       Freezing Cloud    |       |       |       |       |       |       |       |     5 |     6 ||    11
       Passwall          |       |       |       |       |       |       |       |     4 |     2 ||     6
       Vampiric Draining |       |       |       |       |       |       |       |       |     2 ||     2
       Death Channel     |       |       |       |       |       |       |       |       |     5 ||     5
       Statue Form       |       |       |       |       |       |       |       |       |     4 ||     4
Invok: Wall of Briars    |       |       |       |     2 |     1 |       |       |       |     2 ||     5
       Grow Ballistomyce |       |       |       |     2 |    19 |    36 |    36 |    18 |    19 ||   130
       Grow Oklob        |       |       |       |       |       |     2 |       |       |       ||     2
       Overgrow          |       |       |       |       |       |     1 |     3 |     1 |       ||     5
 Abil: Evoke Invisibilit |       |       |       |     1 |     3 |     6 |     1 |       |       ||    11
Evoke: Wand              |       |       |     5 |    30 |    53 |    43 |    18 |    42 |    11 ||   202
       Condenser vane    |       |       |       |       |     2 |    14 |    12 |     9 |     8 ||    45
       Box of beasts     |       |       |       |       |       |    11 |    16 |     9 |     8 ||    44
       Phantom mirror    |       |       |       |       |       |       |     5 |     3 |     1 ||     9
       Lightning rod     |       |       |       |       |       |       |     4 |    15 |     4 ||    23
       Tin of tremorston |       |       |       |       |       |       |       |    12 |     7 ||    19
       Phial of floods   |       |       |       |       |       |       |       |     2 |     3 ||     5
  Use: Scroll            |     6 |     2 |    11 |    17 |    17 |    13 |    18 |    32 |    20 ||   136
       Potion            |       |     5 |     1 |     1 |     5 |    16 |     8 |    13 |     6 ||    55
 Stab: Sleeping          |     1 |     1 |     1 |     1 |     5 |     3 |    13 |     4 |       ||    29
       Invisible         |       |       |     2 |       |     7 |     5 |     3 |       |       ||    17
       Paralysed         |       |       |       |     7 |     2 |     4 |       |     3 |       ||    16
       Distracted        |       |       |       |       |     8 |    17 |    24 |     2 |       ||    51
       Confused          |       |       |       |       |       |     5 |     9 |       |       ||    14
       Held in net/web   |       |       |       |       |       |     1 |       |       |       ||     1
Armor: Robe              |     3 |    17 |    18 |       |       |       |     1 |       |       ||    39
       Leather armour    |       |       |    13 |    28 |       |       |       |       |       ||    41
       Ring mail         |       |       |       |   101 |   268 |   190 |   129 |    58 |     1 ||   747
       Fire dragon scale |       |       |       |       |       |       |       |   150 |   150 ||   300
       Skin              |       |       |       |       |       |       |       |       |    38 ||    38
       Scale mail        |       |       |       |       |       |       |       |       |     7 ||     7
Dodge: Dodged            |    26 |    98 |   156 |   226 |   527 |   361 |   249 |   189 |   202 ||  2034
       Repelled          |       |       |       |       |       |       |     1 |       |       ||     1
Block: Buckler           |       |       |       |       |    42 |   115 |    44 |   172 |   204 ||   577
       Kite shield       |       |       |       |       |    10 |   136 |   215 |       |       ||   361
       Reflection        |       |       |       |       |       |       |     6 |    23 |    15 ||    44
       Rpst.: Long sword |       |       |       |       |       |       |       |     6 |     2 ||     8

Table legend: (Time is in decaauts)
 A = Elapsed time spent in this place.
 B = Non-inter-level travel time spent in this place.
 C = Inter-level travel time spent in this place.
 D = Time resting spent in this place.
 E = Time spent auto-exploring this place.
 F = Levels seen in this place.
 G = Mean time per level.
                   A        B        C        D        E       F      G
               +--------+--------+--------+--------+--------+-----+--------+
         Total |  98036 |  85916 |  12120 |  30057 |  36178 |  51 | 1922.3 |
       Dungeon |  30923 |  26446 |   4477 |  11369 |  10403 |  15 | 2061.5 |
        Temple |    202 |    157 |     45 |      0 |    143 |   1 |  202.0 |
          Lair |  12897 |  11196 |   1701 |   3853 |   5204 |   6 | 2149.5 |
        Shoals |   7372 |   6311 |   1061 |   1563 |   2821 |   4 | 1843.0 |
   Spider Nest |   5873 |   5494 |    379 |   1378 |   2647 |   4 | 1468.2 |
    Slime Pits |      1 |      1 |      0 |      0 |      0 |   1 |    1.0 |
  Orcish Mines |   3334 |   2229 |   1105 |    336 |   1154 |   2 | 1667.0 |
   Elven Halls |   8309 |   7184 |   1125 |   2237 |   2940 |   3 | 2769.7 |
        Vaults |  11583 |  10028 |   1555 |   3065 |   4868 |   4 | 2895.8 |
         Crypt |    336 |    336 |      0 |     67 |     91 |   1 |  336.0 |
        Depths |  13448 |  12780 |    668 |   4860 |   5007 |   5 | 2689.6 |
         Abyss |    188 |    188 |      0 |      3 |      0 |   1 |  188.0 |
       Ossuary |    561 |    561 |      0 |    304 |     88 |   1 |  561.0 |
        Bailey |   1031 |   1031 |      0 |    233 |    325 |   1 | 1031.0 |
      Ice Cave |   1279 |   1279 |      0 |    685 |    307 |   1 | 1279.0 |
        Wizlab |    692 |    692 |      0 |    100 |    178 |   1 |  692.0 |
               +--------+--------+--------+--------+--------+-----+--------+

Top non-repeatable levels by time:
   Elf:3: 4164 daAuts
Depths:4: 4085 daAuts
Vaults:2: 4070 daAuts
  Lair:6: 3851 daAuts
    D:12: 3523 daAuts
Depths:2: 3339 daAuts
     D:8: 3240 daAuts
Depths:3: 3201 daAuts
Vaults:1: 2855 daAuts
   Elf:1: 2649 daAuts
Spider:4: 2629 daAuts
   Orc:2: 2448 daAuts
Vaults:3: 2422 daAuts
Depths:1: 2400 daAuts
  Lair:1: 2373 daAuts
